 Dungeon Crawl Stone Soup version 0.31-a0-75-g6fe912e8c5 (webtiles) character file.

Game seed: 2455175797318437144

3929 night the Grappler (level 10, -1/80 (81) HPs)
             Began as a Troll Ice Elementalist on May 23, 2023.
             Was a Believer of Cheibriados.
             Slain by a warg (14 damage)
             ... on level 9 of the Dungeon.
             The game lasted 00:21:18 (7316 turns).

night the Grappler (Troll Ice Elementalist)         Turns: 7316, Time: 00:21:19

HP:   -1/80 (81)    AC:  7    Str: 29    XL:     10   Next: 1%
MP:   4/14          EV:  9    Int: 20    God:    Cheibriados [**....]
Gold: 651           SH: 10    Dex: 15    Spells: 2/15 levels left

rFire   + . .        O - +9 staff of Olgreb {rPois∞}
rCold   + . .        j - +1 kite shield {AC+3}
rNeg    . . .        a - +0 robe
rPois   ∞            (helmet restricted)
rElec   +            z - scarf of Dolumale {shadows, rElec rPois rC+ Slay+3}
rCorr   .            (gloves unavailable)
SInv    .            (boots unavailable)
Will    .....        N - amulet of faith
Stlth   ++           k - ring of protection from fire
HPRegen 1.13/turn    G - +6 ring of strength
MPRegen 0.14/turn

%: faith
@: lightly drained, very slow
A: large, unfitting armour, claws 3, regeneration 1, shaggy fur 1, tough skin 1
a: Renounce Religion, Evoke the Staff of Olgreb, Bend Time


You were on level 9 of the Dungeon.
You worshipped Cheibriados.
Cheibriados was pleased with you.
You visited 2 branches of the dungeon, and saw 10 of its levels.

You collected 651 gold pieces.

Inventory:

Hand Weapons
 O - the +9 staff of Olgreb (weapon) {rPois∞}
   (You acquired it on level 8 of the Dungeon)

   It enhances your poison magic.
   It grants immunity to poison.
   It can be activated via the 'a'bility menu to radiate toxic energy, with
   effectiveness depending on Evocations skill.
Missiles
 c - 97 stones
 p - 3 boomerangs
 w - 8 poisoned darts
 H - 4 curare-tipped darts
 J - a throwing net
 P - 3 silver boomerangs
Armour
 a - a +0 robe (worn)
 j - a +1 kite shield of protection (worn)
 z - the scarf of Dolumale (worn) {shadows, rElec rPois rC+ Slay+3}
   (You acquired it on level 8 of the Dungeon)

   Slay:      It affects your accuracy & damage with ranged weapons and melee
   (+3).
   rC:        It protects you from cold.
   rElec:     It insulates you from electricity.
   rPois:     It protects you from poison.
 A - a +0 cloak
Jewellery
 k - a ring of protection from fire (left claw)
 s - an amulet of guardian spirit
 u - a ring of resist corrosion
 G - a +6 ring of strength (right claw)
 N - an amulet of faith (around neck)
 R - a ring of see invisible
Wands
 v - a wand of iceblast (19)
 x - a wand of paralysis (8)
 B - a wand of flame (24)
 F - a wand of polymorph (13)
Scrolls
 d - a scroll of amnesia {unknown}
 l - a scroll of enchant weapon {unknown}
 n - a scroll of poison {unknown}
 o - 4 scrolls of identify {unknown}
 r - a scroll of blinking
 y - a scroll of immolation {unknown}
 C - a scroll of enchant armour {unknown}
 I - a scroll of noise {unknown}
 K - 4 scrolls of teleportation {unknown}
 M - a scroll of fog {unknown}
 Q - a scroll of vulnerability {unknown}
Potions
 e - a potion of haste {unknown}
 f - a potion of enlightenment
 h - 9 potions of curing
 i - 5 potions of resistance
 m - 2 potions of degeneration {unknown}
 q - 2 potions of attraction {unknown}
 t - a potion of berserk rage {unknown}
 D - 2 potions of heal wounds {unknown}
 E - 2 potions of mutation {unknown}
 L - a potion of might {unknown}


   Skills:
 - Level 1.5 Dodging
 - Level 1.0 Stealth
 + Level 2.8 Shields
 * Level 8.8 Unarmed Combat
 - Level 3.4 Spellcasting
 + Level 3.6 Summonings
 + Level 7.0 Ice Magic


You had 2 spell levels left.
You knew the following spells:

 Your Spells              Type           Power      Damage    Failure   Level
a - Freeze                Ice            100%       1d10      1%          1
b - Frozen Ramparts       Ice            62%        1d10      4%          3
c - Ozocubu's Armour      Ice            31%        N/A       4%          3
d - Summon Ice Beast      Ice/Summ       23%        N/A       34%         4
e - Lesser Beckoning      Tloc           6%         N/A       36%         2

Your spell library contained the following spells:

 Spells                   Type           Power      Damage    Failure   Level
 Summon Small Mammal      Summ           68%        N/A       6%          1
 Magic Dart               Conj           12%        1d3       26%         1
 Sting                    Tmut/Pois      8%         1d3       30%         1
 Blink                    Tloc           6%         N/A       36%         2
 Searing Ray              Conj           6%         2d4       36%         2
 Momentum Strike          Conj/Tloc      2%         3d8       43%         2
 Call Canine Familiar     Summ           17%        N/A       19%         3
 Hailstorm                Conj/Ice       15%        3d5       22%         3
 Summon Guardian Golem    Hex/Summ       8%         N/A       41%         3
 Gell's Gravitas          Tloc           3%         N/A       61%         3
 Teleport Other           Tloc           3%         N/A       61%         3
 Inner Flame              Hex/Fire       1%         N/A       67%         3
 Fulminant Prism          Conj/Hex       0%         3d5       97%         4
 Yara's Violent Unravell  Hex/Tmut       0%         3d3       100%        5
 Enfeeble                 Hex            1%         N/A       100%        7


Dungeon Overview and Level Annotations

Branches:
Dungeon (9/15)             Temple (1/1) D:6            Lair (0/5) D:8
    Orc (0/2) D:9

Altars:
Ashenzari
Cheibriados
Dithmenos
Elyvilon
Fedhas
Gozag
Hepliaklqana
Kikubaaqudgha
Makhleb
Okawaru
Qazlal
Ru
Sif Muna
Trog
Uskayaw
Vehumet
Wu Jian
Xom
Yredelemnul
Zin
The Shining One

Shops:
D:3 (   D:8 *


Innate Abilities, Weirdness & Mutations

You are too large for most types of armour.
You have claws for hands.
Your natural rate of healing is unusually fast.
You are covered in fur. (AC +1)
You have tough skin. (AC +1)


Message History

O - the +9 staff of Olgreb (weapon)
{rPois∞}
Okay, then.
Magic courses through your body. You block the warg's attack.
The orc warrior barely misses you. The warg bites you.
* * * LOW HITPOINT WARNING * * *
It was a potion of resistance.
You feel protected. The warg closely misses you.
You block the orc warrior's attack.
You begin to radiate toxic energy.
The orc warrior looks even sicker.
You block the warg's attack.
The orc warrior hits you from afar with a +0 antimagic trident.
* * * LOW HITPOINT WARNING * * *
You feel your power leaking away.
It was a potion of enlightenment.
You feel very buoyant.
You fly up into the air.
You kill the orc warrior!
Cheibriados appreciates the change of pace.
Your toxic aura wanes.
You block the warg's attack. The warg closely misses you.
You have reached level 10!
Casting: Ozocubu's Armour (mildly dangerous; 4% risk of failure)
Confirm with . or Enter, or press ? or * to list all spells.
Okay, then.
Casting: Ozocubu's Armour (mildly dangerous; 4% risk of failure)
Confirm with . or Enter, or press ? or * to list all spells.
Casting: Frozen Ramparts (mildly dangerous; 4% risk of failure)
Press: ? - help, Dir - look around, f - activate The walls around you are covered in ice.
The wall freezes the warg.
You block the warg's attack.
The wall freezes the warg.
The warg bites you.
* * * LOW HITPOINT WARNING * * *
It was a potion of cancellation.
Your magical effects are unravelling.
You feel magically purged.
Your icy armour evaporates.
You float gracefully downwards.
The frozen ramparts melt away.
Your resistance to elements expires.
Your enlightenment fades.
The warg bites you!
You die...

####################
...................#
................##.#
#...#..........##.# #####
#...#.......##.# ##...##
##...##......##[#
##.8@8.###..)..##.....##.#
+...hh..+...)...#.....##.#
#..#)#..#..#.#..#.....##.#
#.##.##.#.##.##.#.....##.#
#. .).#.#.#...#.#.....##.#
#.#.?.#.#.#.[.#.#.....##.#
#.##.##.#.##.##.####..##.#
#..#+#..#..#.#..# #..##.#
#.......#......## #.....#


You could see 2 wargs.

Vanquished Creatures
  Prince Ribbit (D:8)
  4 yaks (D:7)
  A steam dragon (D:7)
  Menkaure (D:4)
  An acid dragon (D:8)
  2 ice beasts
  3 black bears
  2 orc warriors
  2 ogres
  5 centaurs
  A phantom (D:7)
  A gnoll sergeant (D:6)
  2 bullfrogs (D:8)
  2 scorpions
  7 wights (D:8)
  An electric eel (D:8)
  2 jellies
  3 hounds
  3 orc priests
  A gnoll bouda (D:7)
  A sleepcap (D:5)
  3 iguanas
  4 orc wizards
  7 gnolls
  9 adders
  A shadow imp (D:8)
  3 white imps (D:7)
  2 dart slugs (D:2)
  16 orcs
  10 bats
  3 endoplasms
  2 giant cockroaches
  7 goblins
  7 hobgoblins
  2 jackals (D:4)
  4 quokkas
  5 ball pythons
  7 frilled lizards
  7 kobolds
  5 rats
150 creatures vanquished.

Vanquished Creatures (collateral kills)
  A wight (D:8)
  An orc (D:8)
2 creatures vanquished.

Vanquished Creatures (others)
  A goblin (D:3)
1 creature vanquished.

Grand Total: 153 creatures vanquished

Notes
Turn   | Place    | Note
-------+----------+-------------------------------------------
     0 | D:1      | night the Troll Ice Elementalist began the quest for the
                  | Orb.
     0 | D:1      | Reached XP level 1. HP: 16/16 MP: 1/1
   139 | D:1      | Reached XP level 2. HP: 24/24 MP: 3/3
   208 | D:1      | Reached skill level 1 in Unarmed Combat
   326 | D:1      | Found a faded altar of an unknown god.
   334 | D:1      | Got Plato's Secrets of Toxicity
   335 | D:1      | Prayed at the altar of an unknown god.
   335 | D:1      | Became a worshipper of the Shining One
   335 | D:1      | Reached * piety under the Shining One
  1101 | D:2      | Reached XP level 3. HP: 24/31 MP: 4/4
  1331 | D:2      | Identified a scroll of acquirement
  1331 | D:2      | Acquired a +1 kite shield of protection
  1429 | D:2      | Reached skill level 2 in Unarmed Combat
  1564 | D:2      | Learned a level 3 spell: Frozen Ramparts
  1833 | D:3      | Noticed a scorpion
  1844 | D:3      | Killed a scorpion
  1845 | D:3      | Reached XP level 4. HP: 32/39 MP: 5/5
  1894 | D:3      | Found Pecidwua's Weapon Shop.
  2038 | D:3      | Found a stormy altar of Qazlal.
  2331 | D:4      | Reached XP level 5. HP: 45/45 MP: 6/6
  2507 | D:4      | Found a shimmering blue altar of Sif Muna.
  2524 | D:4      | Reached skill level 3 in Unarmed Combat
  2548 | D:4      | Noticed an orc warrior
  2574 | D:4      | Killed an orc warrior
  2575 | D:4      | Reached skill level 2 in Spellcasting
  2578 | D:4      | Reached XP level 6. HP: 48/53 MP: 6/8
  2606 | D:4      | Noticed Menkaure
  2611 | D:4      | Killed Menkaure
  2612 | D:4      | Reached skill level 4 in Unarmed Combat
  2672 | D:4      | Learned a level 3 spell: Ozocubu's Armour
  2742 | D:4      | Reached ** piety under the Shining One
  3210 | D:4      | Reached XP level 7. HP: 51/59 MP: 9/9
  3394 | D:5      | Entered Level 5 of the Dungeon
  3539 | D:5      | Reached skill level 5 in Unarmed Combat
  3539 | D:5      | Reached skill level 5 in Ice Magic
  3643 | D:5      | Found a basalt altar of Yredelemnul.
  4021 | D:6      | Found a staircase to the Ecumenical Temple.
  4031 | Temple   | Entered the Ecumenical Temple
  4080 | Temple   | Fell from the grace of the Shining One
  4080 | Temple   | Became a worshipper of Cheibriados the Contemplative
  4143 | D:6      | Reached skill level 1 in Summonings
  4188 | D:6      | Reached XP level 8. HP: 39/67 MP: 11/11
  4506 | D:6      | Reached skill level 6 in Unarmed Combat
  4607 | D:6      | Learned a level 4 spell: Summon Ice Beast
  4610 | D:6      | Learned a level 2 spell: Lesser Beckoning
  4914 | D:6      | Found an ancient bone altar of Kikubaaqudgha.
  5105 | D:6      | Found a hazy altar of Hepliaklqana.
  5106 | D:6      | Found a shadowy altar of Dithmenos.
  5209 | D:7      | Reached skill level 2 in Summonings
  5257 | D:7      | Reached * piety under Cheibriados
  5269 | D:7      | Reached skill level 7 in Unarmed Combat
  5269 | D:7      | Reached XP level 9. HP: 36/74 MP: 7/13
  5795 | D:7      | Reached skill level 1 in Shields
  5938 | D:7      | Identified the +0 ring mail of Duty {Drain Dex+5 Stlth+}
  6381 | D:8      | Noticed Prince Ribbit
  6394 | D:8      | Reached skill level 8 in Unarmed Combat
  6395 | D:8      | Killed Prince Ribbit
  6396 | D:8      | Reached skill level 2 in Shields
  6401 | D:8      | Reached ** piety under Cheibriados
  6441 | D:8      | Acquired the scarf of Dolumale {shadows, rElec rPois rC+
                  | Slay+3}
  6544 | D:8      | Found a staircase to the Lair.
  6911 | D:8      | Acquired the +9 staff of Olgreb {rPois∞}
  6911 | D:8      | Found the +9 staff of Olgreb {rPois∞}
  7013 | D:8      | Found Yrheok's Assorted Antiques.
  7278 | D:9      | Found a staircase to the Orcish Mines.
  7307 | D:9      | HP: 7/71 [orc priest/divine providence (11)]
  7315 | D:9      | Reached XP level 10. HP: 16/80 MP: 7/14
  7315 | D:9      | HP: 12/80 [warg (5)]
  7316 | D:9      | Slain by a warg

Illustrated notes

Levels and vault maps discovered:
D:1:      dpeg_arrival_morbid_curiosity, layout_loops_corners,
          shapermc_ecumenical_altar_rom_forum
D:2:      layout_loops_cross, serial_rivers, chequers_serial_rivers_small_a,
          chequers_serial_rivers_micro_b, chequers_serial_rivers_small_3,
          chequers_serial_rivers_micro_b, chequers_serial_rivers_micro_c,
          chequers_serial_rivers_large_a
D:3:      layout_rooms, grunt_qazlal_clouds, serial_shops, shop,
          serial_bayou_pond_d
D:4:      layout_basic, kennysheep_orc_sif_temple, serial_curves,
          eino_curves_01, eino_curves_03, eino_curves_02,
          eino_small_chamber_without_monster, uniq_menkaure
D:5:      layout_cave_pools, lemuel_tele_altar
D:6:      layout_loops_corners, riverfiend_overflow_shadow_ancestor,
          mainiacjoe_overflow_chevrons, temple_fountains
D:7:      layout_basic, water_maze_lemuel
D:8:      layout_basic, lair_entry_dummy, serial_shops, shop_coins,
          uniq_prince_ribbit1
D:9:      layout_long_grid, david_orc_1_choice, serial_glass, glass_columns_b,
          glass_columns_c
Temple:   eino_wide_crystal_templ

Skill      XL: |  1  2  3  4  5  6  7  8  9 |
---------------+----------------------------+-----
Ice Magic      | 3 4 5 6 7 |  7.0
Unarmed Combat | 1 2 3 4 5 7 8 |  8.8
Spellcasting   | 2 3 |  3.4
Summonings     | 1 2 3 |  3.6
Shields        | 2 |  2.8
Dodging        | |  1.5
Stealth        | |  1.0

Action                     |  1- 3 |  4- 6 |  7- 9 | 10-12 || total
---------------------------+-------+-------+-------+-------++-------
  Melee: Unarmed           |   114 |    74 |   239 |       ||   427
         Staff             |       |       |     1 |       ||     1
   Cast: Ozocubu's Armour  |       |       |    12 |       ||    12
         Frozen Ramparts   |       |       |    10 |     1 ||    11
         Summon Ice Beast  |       |       |     5 |       ||     5
Ability: Evoke the Staff o |       |       |     3 |       ||     3
  Evoke: Wand              |       |     2 |       |       ||     2
    Use: Scroll            |     1 |       |     2 |       ||     3
         Potion            |       |       |     5 |     1 ||     6
   Stab: Sleeping          |     1 |       |       |       ||     1
 Armour: Robe              |    55 |    17 |   118 |       ||   190
  Dodge: Dodged            |    48 |    15 |    99 |       ||   162
  Block: Kite shield       |    14 |    17 |   125 |     1 ||   157

Table legend: (Time is in decaauts)
 A = Elapsed time spent in this place.
 B = Non-inter-level travel time spent in this place.
 C = Inter-level travel time spent in this place.
 D = Time resting spent in this place.
 E = Time spent auto-exploring this place.
 F = Levels seen in this place.
 G = Mean time per level.
                   A        B        C        D        E       F      G
               +--------+--------+--------+--------+--------+-----+--------+
         Total |   8178 |   7864 |    314 |    153 |   6374 |  10 |  817.8 |
       Dungeon |   8095 |   7819 |    276 |    153 |   6344 |   9 |  899.4 |
        Temple |     82 |     45 |     37 |      0 |     30 |   1 |   82.0 |
               +--------+--------+--------+--------+--------+-----+--------+

Top non-repeatable levels by time:
     D:7: 1465 daAuts
     D:6: 1341 daAuts
     D:4: 1099 daAuts
     D:8: 1065 daAuts
     D:1: 1049 daAuts
     D:2: 785 daAuts
     D:5: 564 daAuts
     D:3: 484 daAuts
     D:9: 240 daAuts
  Temple: 82 daAuts
